 Dungeon Crawl Stone Soup version 0.27.1-35-g4d5d836560 (console) character file.

Game seed: 12221811560289662813

248 Faeu the Bolt Thrower (level 6, 0/37 HPs)
             Began as a Kobold Hunter on May 13, 2022.
             Slain by a black bear (8 damage)
             ... on level 4 of the Dungeon.
             The game lasted 00:17:21 (4348 turns).

Faeu the Bolt Thrower (Kobold Hunter)               Turns: 4348, Time: 00:17:22

Health: 0/37       AC:  7    Str: 10    XL:     6   Next: 34%
Magic:  6/6        EV: 14    Int: 12    God:
Gold:   225        SH:  0    Dex: 17    Spells: 5/5 levels left

rFire    . . .     SeeInvis .   b - +0 dagger {short}
rCold    . . .     Faith    .   (shield restricted)
rNeg     + . .     Spirit   .   y - +0 ring mail
rPois    .         Reflect  .   (no helmet)
rElec    .         Harm     .   D - +0 cloak
rCorr    .         Rampage  .   (no gloves)
Will     .....                  B - +0 pair of boots
Stlth    +++.......             t - amulet of regeneration {@e2}
HPRegen  1.12/turn              k - ring of positive energy
MPRegen  0.10/turn              (no ring)

@: no status effects
A: small, no large weapons, nightstalker 3
a: no special abilities


You were on level 4 of the Dungeon.
You visited 1 branch of the dungeon, and saw 4 of its levels.

You collected 225 gold pieces.


Innate Abilities, Weirdness & Mutations

You are small and have problems with some larger weapons.
You are completely attuned to the shadows.


   Skills:
 + Level 3.6 Fighting
 + Level 3.1 Short Blades
 + Level 5.7 Crossbows
 + Level 3.9 Dodging
 + Level 3.9 Stealth


You had 5 spell levels left.
You didn't know any spells.
Your spell library contained the following spells:

 Spells                   Type           Power      Damage    Failure   Level
 Corona                   Hex            0%         N/A       65%         1
 Freeze                   Ice            0%         1d3       65%         1
 Ensorcelled Hibernation  Hex/Ice        0%         N/A       78%         2
 Frozen Ramparts          Ice            0%         1d2       95%         3
 Gell's Gravitas          Tloc           0%         N/A       95%         3
 Lesser Beckoning         Tloc           0%         N/A       95%         3
 Teleport Other           Tloc           0%         N/A       95%         3
 Tukima's Dance           Hex            0%         N/A       95%         3
 Hailstorm                Conj/Ice       0%         3d3       100%        4

Inventory:

Hand Weapons
 a - a +1 hand crossbow {crossbow}
 b - a +0 dagger (weapon) {short}
   (You took it off an orc on level 3 of the Dungeon)
 x - a +0 short sword {short}
Missiles
 d - 56 bolts
 e - 58 stones (quivered) {throwing}
 h - 3 curare-tipped darts {=fthrowing}
 n - 10 boomerangs {throwing}
 A - 7 arrows
Armour
 c - a +0 leather armour
 y - a +0 ring mail (worn)
   (You took it off an orc priest on level 3 of the Dungeon)
 B - a +0 pair of boots (worn)
   (You found it on level 4 of the Dungeon)
 D - a +0 cloak (worn)
   (You found it on level 4 of the Dungeon)
Magical Staves
 w - a staff of fire {!astaff}
   (You found it on level 3 of the Dungeon)
Jewellery
 k - a ring of positive energy (left hand)
   (You found it on level 2 of the Dungeon)
 r - a ring of fire
   (You found it on level 3 of the Dungeon)
 t - an amulet of regeneration (around neck) {@e2}
   (You found it on level 3 of the Dungeon)
 C - an amulet of guardian spirit
   (You took it off a hobgoblin on level 4 of the Dungeon)
Scrolls
 f - a scroll of fog {unknown}
 g - a scroll of silence {unknown}
 i - a scroll of acquirement {unknown}
 m - 3 scrolls of identify {unknown}
 v - a scroll of enchant armour {unknown}
 z - 2 scrolls of fear {unknown}
Potions
 j - a potion of invisibility {unknown}
 l - a potion of mutation {unknown}
 o - 2 potions of attraction {unknown}
 p - a potion of berserk rage {unknown}
 q - 2 potions of curing {unknown}
 s - a potion of might {unknown}
 u - a potion of brilliance {unknown}

Dungeon Overview and Level Annotations

Branches:
Dungeon (4/15)
 Temple: D:4-7

Altars:

Shops:
D:1 (* D:4

= ####...........P..
#..P..###)#....
#..####...#'##P
#..#..#...#..#.
.######..#).'...#..#.
.....∩...###########.
#######..............
#..#.#..#.#.#..
####..#.#..#..###.
#...........<## ##
##@#####..###..###.
##h..## #....#.#.#.#
#..'..# ##.#.#......
#..#'#..# ##...###.##
(.##.##..# ##.##.....
.##.8.##..###.##.....
##†....##.....##.....
#...'...##.#####.....
#...#'#...# #.....
+8.##.##.8+ ######
#.##..†##. .# #....


You could see a black bear (berserk).


Message History

The black bear completely misses you.
The black bear barely misses you. 😕 HP[+1]
You hit the black bear. The black bear closely misses you.
The black bear claws you.
The black bear claws you but does no damage.
You closely miss the black bear. The black bear misses you. x2
The black bear barely misses you. 😕 HP[+1]
You hit the black bear but do no damage.
The black bear bites you.
The black bear barely misses you. x2 😕 HP[-2]
You take 2 damage, and now have 32/37 hp.
You hit the black bear. The black bear misses you.
The black bear barely misses you. x2 😕 HP[+1]
You hit the black bear but do no damage. 😕 HP[+1]
You hit the black bear.
The black bear bites you but does no damage.
The black bear claws you but does no damage.
The black bear barely misses you. 😕 HP[+1]
You closely miss the black bear.
The black bear bites you but does no damage.
The black bear claws you. x2 😕 HP[-4]
You take 4 damage, and now have 31/37 hp.
You hit the black bear.
The black bear bites you but does no damage.
The black bear claws you.
The black bear claws you but does no damage.
You hit the black bear but do no damage.
The black bear misses you.
The black bear claws you but does no damage.
The black bear barely misses you.
You hit the black bear but do no damage. 😕 HP[+2]
You regained 2 hp, and now have 33/37 hp.
You hit the black bear. The black bear closely misses you.
The black bear claws you but does no damage.
The black bear closely misses you. 😕 HP[+1]
You hit the black bear. The black bear bites you.
The black bear barely misses you. The black bear claws you. 😕 HP[-4]
You take 4 damage, and now have 30/37 hp.
You hit the black bear but do no damage.
The black bear goes berserk!
You hit the black bear. The black bear barely misses you.
The black bear misses you.
The black bear claws you but does no damage. 😕 HP[+1]
You closely miss the black bear. The black bear barely misses you.
The black bear claws you but does no damage. x2
The black bear bites you. The black bear completely misses you.
The black bear claws you but does no damage.
You hit the black bear but do no damage.
The black bear bites you.
The black bear claws you but does no damage. x2 😮 HP[-4]
You take 4 damage, and now have 27/37 hp.
You hit the black bear.
The black bear bites you but does no damage.
The black bear claws you but does no damage.
The black bear closely misses you. 😕 HP[+1]
You hit the black bear but do no damage.
The black bear misses you. The black bear closely misses you.
The black bear misses you. 😕 HP[+1]
You barely miss the black bear. The black bear barely misses you.
The black bear claws you. The black bear misses you. The black bear bites you!
* * * LOW HITPOINT WARNING * * *
The black bear claws you.
* * * LOW HITPOINT WARNING * * *
The black bear barely misses you. 😨 HP[-14]
You take 14 damage, and now have 15/37 hp.
MASSIVE DAMAGE!! (PAUSE)
You barely miss the black bear. The black bear bites you.
* * * LOW HITPOINT WARNING * * *
The black bear claws you but does no damage.
The black bear claws you.
* * * LOW HITPOINT WARNING * * *
😱 HP[-8]
You take 8 damage, and now have 7/37 hp.
MASSIVE DAMAGE!! (PAUSE)
You hit the black bear. The black bear barely misses you.
The black bear closely misses you.
The black bear claws you but does no damage. 😱 HP[+1]
You hit the black bear. The black bear bites you.
* * * LOW HITPOINT WARNING * * *
The black bear closely misses you.
The black bear barely misses you. 😱 HP[-1]
You take 1 damage, and now have 7/37 hp.
You hit the black bear. The black bear misses you. x2
The black bear claws you but does no damage.
The black bear bites you!
You die...

Skill      XL: |  1  2  3  4  5  6 |
---------------+-------------------+-----
Short Blades   | 1 2 3 |  3.1
Crossbows      | 5 |  5.7
Stealth        | 2 3 |  3.9
Dodging        | 3 |  3.9
Fighting       | 3 |  3.6

Action                   |  1- 3 |  4- 6 || total
-------------------------+-------+-------++-------
Melee: Short sword       |    63 |   111 ||   174
       Dagger            |       |    47 ||    47
 Fire: Hand crossbow     |    13 |    46 ||    59
Throw: Stone             |       |    12 ||    12
 Stab: Sleeping          |    11 |    10 ||    21
Armor: Leather armour    |    10 |     9 ||    19
       Ring mail         |       |    32 ||    32
Dodge: Dodged            |    43 |   127 ||   170

Levels and vault maps discovered:
D:1:      denvon_arrival_planthouse, layout_basic, serial_shops,
          nicolae_diamond_shop, shop
D:2:      cheibrodos_greedy_goblins, layout_loops_corners,
          chequers_ecumenical_altar_simple
D:3:      layout_rooms
D:4:      corexii_shack_village, layout_loops_cross,
          minmay_shop_enchanted_jewellery, grunt_decor_arrowhead

Notes
Turn   | Place    | Note
-------+----------+-------------------------------------------
     0 | D:1      | Faeu the Kobold Hunter began the quest for the Orb.
     0 | D:1      | Reached XP level 1. HP: 12/12 MP: 1/1
     0 | D:1      | magus.rc [v1.9.6]
    24 | D:1      | You pick up a book of Displacement and begin reading...
    24 | D:1      | You add the spells Lesser Beckoning, Gell's Gravitas and
                  | Teleport Other to your library.
    84 | D:1      | Reached XP level 2. HP: 11/18 MP: 2/2
   396 | D:1      | Found Xoaghirgh's General Store.
   558 | D:1      | Reached skill level 1 in Short Blades
   564 | D:1      | Reached skill level 5 in Crossbows
   602 | D:1      | Reached skill level 2 in Stealth
   717 | D:1      | Reached XP level 3. HP: 22/22 MP: 3/3
   956 | D:1      | Found Ankuk's Antique Weapon Boutique.
  1240 | D:2      | Reached skill level 3 in Dodging
  1441 | D:2      | Reached XP level 4. HP: 27/27 MP: 4/4
  1776 | D:2      | Found a faded altar of an unknown god.
  1908 | D:2      | Reached skill level 2 in Short Blades
  2083 | D:2      | Reached skill level 3 in Fighting
  2664 | D:3      | You pick up a book of Frost and begin reading...
  2664 | D:3      | You add the spells Freeze, Frozen Ramparts and Hailstorm to
                  | your library.
  2801 | D:3      | HP: 6/28 [orc priest (10)]
  2804 | D:3      | Reached skill level 3 in Stealth
  2804 | D:3      | Reached XP level 5. HP: 7/32 MP: 5/5
  3617 | D:4      | Found Oczoxy's Jewellery Shop.
  3638 | D:4      | Noticed an ogre
  3809 | D:4      | You pick up a book of Maledictions and begin reading...
  3809 | D:4      | You add the spells Corona, Ensorcelled Hibernation and
                  | Tukima's Dance to your library.
  4073 | D:4      | Reached XP level 6. HP: 37/37 MP: 6/6
  4296 | D:4      | Reached skill level 3 in Short Blades
  4304 | D:4      | Noticed a black bear
  4345 | D:4      | HP: 7/37 [black bear (4)]
  4348 | D:4      | Slain by a black bear

Vanquished Creatures
  A scorpion (D:4)
  An orc priest (D:3)
  A hound skeleton (D:4)
  6 adders
  2 worms
  2 dart slugs
  8 orcs
  4 ball pythons
  3 bats (D:2)
  4 endoplasms
  4 giant cockroaches
  8 goblins
  13 hobgoblins
  8 kobolds
  3 quokkas
  5 frilled lizards
  5 rats
78 creatures vanquished.

Vanquished Creatures (others)
  4 plants (D:4)
4 creatures vanquished.

Grand Total: 82 creatures vanquished

Table legend:
 A = Non-vault XP
 B = Vault XP
 C = Vault XP percentage of total XP
 D = Non-vault monster count
 E = Vault monster count
 F = Vault count percentage of total count
                 A         B        C        D         E       F
            +---------+---------+-------+---------+---------+-------
      Total |     321 |      34 |   9.6 |      63 |      15 |  19.2
            +---------+---------+-------+---------+---------+-------
        D:1 |      34 |       0 |   0.0 |      19 |       0 |   0.0
        D:2 |      79 |      13 |  14.1 |      18 |       7 |  28.0
        D:3 |      94 |       0 |   0.0 |      16 |       0 |   0.0
        D:4 |     114 |      21 |  15.6 |      10 |       8 |  44.4
            +---------+---------+-------+---------+---------+-------

Illustrated notes

Table legend:
 A = Kills in this place as a percentage of kills in entire the game.
 B = Kills by you in this place as a percentage of kills by you in the entire game.
 C = Kills by friends in this place as a percentage of kills by friends in the entire game.
 D = Other kills in this place as a percentage of other kills in the entire game.
 E = Experience gained in this place as a percentage of experience gained in the entire game.
 F = Experience gained in this place divided by the number of levels of this place that you have seen.
                   A       B       C       D       E      F
               +-------+-------+-------+-------+-------+----------------------
         Total | 100.0 | 100.0 |   N/A |   N/A | 100.0 |  88.8
       Dungeon | 100.0 | 100.0 |   N/A |   N/A | 100.0 |  88.8
               +-------+-------+-------+-------+-------+----------------------

Table legend: (Time is in decaauts)
 A = Elapsed time spent in this place.
 B = Non-inter-level travel time spent in this place.
 C = Inter-level travel time spent in this place.
 D = Time resting spent in this place.
 E = Time spent auto-exploring this place.
 F = Levels seen in this place.
 G = Mean time per level.
                   A        B        C        D        E       F      G
               +--------+--------+--------+--------+--------+-----+--------+
         Total |   4352 |   4207 |    145 |    421 |   2379 |   4 | 1088.0 |
       Dungeon |   4352 |   4207 |    145 |    421 |   2379 |   4 | 1088.0 |
               +--------+--------+--------+--------+--------+-----+--------+

Top non-repeatable levels by time:
     D:2: 1400 daAuts
     D:1: 1187 daAuts
     D:3: 1030 daAuts
     D:4: 733 daAuts
